 Dungeon Crawl Stone Soup version 0.28.0-43-g3370ac3207 (webtiles) character file.

Game seed: 13817319159683452363

1749 sking99 the Frost Mage (level 8, 0/70 HPs)
             Began as a White Draconian Ice Elementalist on Mar 18, 2022.
             Slain by a wraith (3 damage)
             ... on level 5 of the Dungeon.
             The game lasted 00:14:23 (7136 turns).

sking99 the Frost Mage (DrIE)                       Turns: 7136, Time: 00:14:25

Health: 0/70       AC: 14    Str: 12    XL:     8   Next: 78%
Magic:  20/22      EV: 13    Int: 17    God:
Gold:   278        SH:  0    Dex: 11    Spells: 3/14 levels left

rFire   . . .      SeeInvis +   p - staff of cold
rCold   + + .      Faith    .   (no shield)
rNeg    . . .      Spirit   .   (armour unavailable)
rPois   .          Reflect  .   (helmet restricted)
rElec   +          Harm     .   (no cloak)
rCorr   +          Rampage  .   (no gloves)
Will    .....                   (no boots)
Stlth   ++........              (no amulet)
HPRegen 0.21/turn               l - ring "Ugual" {Drain Fly rElec rCorr MP+9 SInv}
MPRegen 0.18/turn               (no ring)

@: ice-armoured, flying, slowed, very slow
A: breathe frost, AC +6, unfitting armour, cold resistance 1, cold-blooded
a: Breathe Frost


You were on level 5 of the Dungeon.
You visited 1 branch of the dungeon, and saw 5 of its levels.

You collected 278 gold pieces.

Inventory:

Hand Weapons
 n - a +1 rapier of draining
Magical Staves
 p - a staff of cold (weapon)
Jewellery
 l - the ring "Ugual" (left hand) {Drain Fly rElec rCorr MP+9 SInv}
   (You found it on level 5 of the Dungeon)

   [ring of magical power]

   rElec:     It insulates you from electricity.
   MP:        It affects your magic capacity (+9).
   SInv:      It lets you see invisible.
   Fly:       It grants you flight.
   rCorr:     It protects you from acid and corrosion.
   Drain:     It drains your maximum health when unequipped.
Wands
 i - a wand of polymorph (13)
 q - a wand of flame (13)
Scrolls
 a - 2 scrolls of identify
 c - 4 scrolls of teleportation
 h - a scroll of vulnerability {unknown}
 j - a scroll of silence {unknown}
 m - a scroll of blinking
 o - a scroll of fog {unknown}
Potions
 b - a potion of curing
 d - 4 potions of brilliance
 e - 2 potions of attraction
 f - a potion of ambrosia {unknown}
 g - a potion of might
 k - 2 potions of invisibility {unknown}


   Skills:
 + Level 6.0 Fighting
 + Level 5.2 Dodging
 - Level 1.7 Stealth
 - Level 3.5 Spellcasting
 + Level 4.4 Conjurations
 - Level 8.4 Ice Magic


You had 3 spell levels left.
You knew the following spells:

 Your Spells              Type           Power      Damage    Failure   Level
a - Freeze                Ice            100%       1d11      1%          1
b - Frozen Ramparts       Ice            94%        1d11      1%          3
c - Ozocubu's Armour      Ice            47%        N/A       1%          3
d - Hailstorm             Conj/Ice       37%        3d9       12%         4

Your spell library contained the following spells:

 Spells                   Type           Power      Damage    Failure   Level
 Summon Guardian Golem    Hex/Summ       2%         N/A       45%         3
 Tukima's Dance           Hex            2%         N/A       45%         3
 Passage of Golubria      Tloc           2%         N/A       86%         4
 Yara's Violent Unravell  Hex/Tmut       1%         3d3       99%         5
 Orb of Destruction       Conj           9%         9d6       100%        7
 Spellforged Servitor     Conj/Summ      5%         N/A       100%        7


Dungeon Overview and Level Annotations

Branches:
Dungeon (5/15)
 Temple: D:4-7

Altars:
Elyvilon
Fedhas
Makhleb
Qazlal
Xom

Shops:
D:1 =   D:4 :

Annotations:
D:5 4 runed translucent doors


Innate Abilities, Weirdness & Mutations

You can breathe waves of freezing cold which knock back foes.
Your icy white scales are hard. (AC +6)
You cannot fit into any form of body armour.
Your flesh is cold resistant. (rC+)
You are cold-blooded and may be slowed by cold attacks.


Message History

Your icy armour starts to melt.
The wraith hits you but does no damage. x2
You hit the wraith but do no damage.
The wraith is severely damaged.
The wraith barely misses you. The wraith hits you but does no damage.
You hit the wraith but do no damage.
You tail-slap the wraith, but do no damage.
The wraith is severely damaged.
The wraith closely misses you.
You closely miss the wraith. You tail-slap the wraith.
The wraith is severely damaged.
Your icy armour evaporates.
The wraith hits you.
* * * LOW HITPOINT WARNING * * *
The wraith hits you!
* * * LOW HITPOINT WARNING * * *
You feel better. The wraith hits you!
* * * LOW HITPOINT WARNING * * *
The wraith completely misses you.
You feel better. The wraith barely misses you.
Casting: Ozocubu's Armour (safe; 1% risk of failure)
Confirm with . or Enter, or press ? or * to list all spells.
You feel a surge of power! A film of ice covers your body!
The wraith closely misses you. The wraith hits you.
* * * LOW HITPOINT WARNING * * *
You hit the wraith but do no damage.
Your tail-slap misses the wraith.
The wraith is severely damaged.
The wraith hits you!
* * * LOW HITPOINT WARNING * * *
The wraith drains your vigour!
You feel as though you will be slow longer.
You hit the wraith.
The wraith is severely damaged.
The wraith hits you.
* * * LOW HITPOINT WARNING * * *
The wraith closely misses you.
You barely miss the wraith.
The wraith is severely damaged.
The wraith hits you.
You die...

.....#.##.#......''...'.......# #
##...#.##.##.....##...#######.# #
,#.....##.##.....############'###
,#........##.....###.....#.....#
,#...#####.....................#
,#.........######..######......##
,+........##....####....##.....'.
,#........#.###..##.##.#.#.....##
,#........#.#.##@####..#)#.....##
,####.....#.##.#W##..###[#.#####.
,####.....#.#)##|##.##.#.#.....#.
,#........##.).######.#รท##.###.#.
,#.........###'# #'###...#....
##...###.......######.....#.#..#.
.'...# ##.....##8)$8##..#.#.#..##
##...# ####..#8....8#....#.#....
##+### ##.+c.....+.##.#.#.###


You could see a wraith.

Vanquished Creatures
  Prince Ribbit (D:5)
  A troll (D:5)
  Eustachio (D:5)
  Edmund (D:5)
  A sky beast (D:5)
  A necrophage (D:4)
  3 ogres
  A centaur (D:5)
  A phantom (D:5)
  A bullfrog zombie (D:5)
  A hound (D:5)
  A bullfrog skeleton (D:5)
  Ijyb (D:3)
  2 scorpion zombies (D:5)
  Natasha (thrice) (D:2)
  2 orc wizards
  2 iguanas (D:5)
  A killer bee zombie (D:5)
  2 hound skeletons (D:4)
  A howler monkey zombie (D:3)
  Robin (D:2)
  4 adders
  A shadow imp (D:5)
  A white imp (D:5)
  An ufetubus (D:4)
  2 worms
  A dart slug (D:2)
  8 orcs
  4 ball pythons
  3 bats
  7 endoplasms
  A giant cockroach (D:2)
  8 hobgoblins
  4 jackals (D:4)
  4 quokkas
  A frilled lizard (D:1)
  14 goblins
  7 kobolds
  3 rats (D:1)
103 creatures vanquished.

Vanquished Creatures (others)
  2 fungi (D:5)
2 creatures vanquished.

Grand Total: 105 creatures vanquished

Notes
Turn   | Place    | Note
-------+----------+-------------------------------------------
     0 | D:1      | sking99 the Draconian Ice Elementalist began the quest for
                  | the Orb.
     0 | D:1      | Reached XP level 1. HP: 14/14 MP: 3/3
   211 | D:1      | Reached skill level 1 in Fighting
   269 | D:1      | Found Deull's Jewellery Emporium.
   375 | D:1      | Reached XP level 2. HP: 20/23 MP: 0/5
  1277 | D:2      | Reached XP level 3. HP: 24/29 MP: 4/7
  1354 | D:2      | Learned a level 3 spell: Frozen Ramparts
  1358 | D:2      | Learned a level 3 spell: Ozocubu's Armour
  1704 | D:2      | Noticed Robin
  1715 | D:2      | Killed Robin
  1717 | D:2      | Reached XP level 4. HP: 29/36 MP: 2/8
  1831 | D:2      | Noticed Natasha
  1836 | D:2      | Killed Natasha
  2064 | D:2      | Noticed Natasha
  2069 | D:2      | Killed Natasha
  2070 | D:2      | Reached skill level 5 in Ice Magic
  2128 | D:2      | Noticed Natasha
  2137 | D:2      | Killed Natasha
  2138 | D:2      | Reached XP level 5. HP: 30/41 MP: 3/9
  2587 | D:3      | Found a shimmering altar of Xom.
  2588 | D:3      | Found a shimmering altar of Xom.
  2592 | D:3      | Found a shimmering altar of Xom.
  3137 | D:3      | Noticed Ijyb
  3147 | D:3      | Killed Ijyb
  3341 | D:4      | Reached skill level 6 in Ice Magic
  3603 | D:4      | Noticed a necrophage
  3765 | D:4      | Reached XP level 6. HP: 44/48 MP: 7/10
  4133 | D:4      | Reached skill level 7 in Ice Magic
  4379 | D:4      | Found Oru Byigh's Book Boutique.
  4737 | D:5      | Entered Level 5 of the Dungeon
  4772 | D:5      | Found a stormy altar of Qazlal.
  4772 | D:5      | Found a blossoming altar of Fedhas.
  4774 | D:5      | Noticed Edmund
  4797 | D:5      | Killed Edmund
  4798 | D:5      | Your scales start taking on an icy white colour.
  4798 | D:5      | Reached skill level 8 in Ice Magic
  4798 | D:5      | Reached XP level 7. HP: 55/57 MP: 1/12
  4798 | D:5      | Gained mutation: Your flesh is cold resistant. (rC+) [White
                  | Draconian growth]
  4881 | D:5      | Learned a level 4 spell: Hailstorm
  4921 | D:5      | Found a large runed translucent door.
  4921 | D:5      | Found a large runed translucent door.
  4937 | D:5      | Reached skill level 1 in Conjurations
  4991 | D:5      | Found a large runed translucent door.
  4991 | D:5      | Found a large runed translucent door.
  5090 | D:5      | Found a white marble altar of Elyvilon.
  5153 | D:5      | Found a burning altar of Makhleb.
  5179 | D:5      | Identified the ring "Ugual" {Drain Fly rElec rCorr MP+9
                  | SInv}
  5366 | D:5      | Noticed Prince Ribbit
  5379 | D:5      | Killed Prince Ribbit
  5468 | D:5      | Noticed Eustachio
  5481 | D:5      | Killed Eustachio
  5482 | D:5      | Reached XP level 8. HP: 22/67 MP: 2/13
  5920 | D:5      | HP: 1/67 [phantom (6)]
  6529 | D:5      | Noticed a troll
  6533 | D:5      | Reached skill level 5 in Fighting
  6536 | D:5      | Killed a troll
  6799 | D:5      | Reached skill level 5 in Dodging
  7135 | D:5      | HP: 2/70 [wraith (6)]
  7136 | D:5      | Slain by a wraith

Illustrated notes

Levels and vault maps discovered:
D:1:      denvon_arrival_planthouse, layout_basic, serial_shops,
          nicolae_shop_hallway_plus
D:2:      layout_basic, dk_vineyard_3, minmay_crystal_water, minmay_door_square,
          uniq_robin, uniq_natasha
D:3:      layout_basic, xom_redecorated, uniq_ijyb
D:4:      layout_loops_ring, serial_shops, shop
D:5:      layout_basic, grunt_temple_overflow_forces_of_nature,
          mainiacjoe_overflow_boulevard, mainiacjoe_overflow_paths,
          serial_park_tiny_1, minmay_hollow_rounded_squares, uniq_edmund,
          uniq_eustachio, uniq_prince_ribbit1

Skill      XL: |  1  2  3  4  5  6  7  8 |
---------------+-------------------------+-----
Fighting       | 1 2 3 4 6 |  6.0
Ice Magic      | 5 6 8 |  8.4
Dodging        | 3 4 5 |  5.2
Spellcasting   | 3 |  3.5
Conjurations   | 2 4 |  4.4
Stealth        | |  1.7

Action                   |  1- 3 |  4- 6 |  7- 9 || total
-------------------------+-------+-------+-------++-------
Melee: Unarmed           |     6 |    42 |    20 ||    68
       Tailslap          |     1 |     9 |    31 ||    41
       Staff             |       |       |    71 ||    71
       Rapier            |       |       |    40 ||    40
       Punch             |       |       |     1 ||     1
 Cast: Freeze            |    58 |    80 |    41 ||   179
       Frozen Ramparts   |       |    12 |    10 ||    22
       Ozocubu's Armour  |       |     4 |     8 ||    12
  Use: Scroll            |       |     7 |       ||     7
       Potion            |       |       |     3 ||     3
 Stab: Sleeping          |       |       |     2 ||     2
Armor: Skin              |    19 |    36 |    69 ||   124
Dodge: Dodged            |    33 |    65 |   125 ||   223
